 Dungeon Crawl Stone Soup version 0.23.2-30-g0e89c35649 (webtiles) character file.

Game seed: 8156920045119022570

3405 mahrnol the Grappler (level 9, -6/80 HPs)
             Began as a Troll Monk on June 13, 2019.
             Was an Elder of Wu Jian.
             Mangled by an orc warrior
             ... wielding a +0 glaive
              (10 damage)
             ... while petrified by a basilisk
             ... on level 9 of the Dungeon.
             The game lasted 00:29:36 (5750 turns).

mahrnol the Grappler (Troll Monk)                   Turns: 5750, Time: 00:29:37

Health: -6/80      AC:  7    Str: 21    XL:     9   Next: 75%
Magic:  8/8        EV:  1    Int:  6    God:    Wu Jian [****..]
Gold:   486        SH:  0    Dex: 18    Spells: 7/8 levels left

rFire    . . .     SeeInvis .     - Unarmed
rCold    . . .     Gourm    +   (no shield)
rNeg     + + +     Faith    .   a - +0 robe
rPois    ∞         Spirit   .   n - +0 hat
rElec    .         Reflect  .   q - +0 cloak
rCorr    .         Harm     .   (gloves unavailable)
MR       .....                  (boots unavailable)
Stlth    +++.......             p - amulet of rage
HPRegen  0.63/turn              N - +3 ring of dexterity
MPRegen  0.11/turn              K - ring of positive energy

@: petrified
A: large, unfitting armour, claws 3, fast metabolism 3, gourmand, regeneration
1, shaggy fur 1, tough skin 3
a: Wall Jump, Serpent's Lash, Renounce Religion, Evoke Berserk Rage


You were on level 9 of the Dungeon.
You worshipped Wu Jian.
Wu Jian was greatly pleased with you.
You were not hungry.

You visited 2 branches of the dungeon, and saw 10 of its levels.

You collected 486 gold pieces.

Inventory:

Hand Weapons
 w - a +0 flail of crushing
 x - a +1 mace of crushing
 y - a +4 mace of protection
 D - a +0 flail of venom
 P - a +1 scimitar of flaming
Missiles
 h - 6 poisoned needles
 k - a throwing net (quivered)
 C - 3 steel tomahawks
Armour
 a - a +0 robe (worn)
 n - a +0 hat (worn)
 q - a +0 cloak (worn)
 Q - a +2 robe of magic resistance
Magical Staves
 l - an uncursed staff of conjuration {unknown}
Jewellery
 i - an uncursed amulet of inaccuracy
 p - an amulet of rage (around neck)
 A - a +2 ring of dexterity
 K - a ring of positive energy (right claw)
 N - a +3 ring of dexterity (left claw)
 S - an uncursed amulet of the gourmand {unknown}
Wands
 t - a wand of flame (33)
 u - a wand of digging (7)
 z - a wand of random effects (18)
 I - a wand of iceblast (9)
 J - a wand of disintegration (13)
 M - a wand of paralysis (9)
 R - a wand of acid (15)
Scrolls
 d - a scroll of noise {unknown}
 f - 4 scrolls of remove curse
 g - 12 scrolls of identify
 j - 3 scrolls of enchant armour {unknown}
 m - a scroll of blinking {unknown}
 r - 2 scrolls of magic mapping {unknown}
 s - 2 scrolls of amnesia {unknown}
 v - 3 scrolls of fear {unknown}
 B - 3 scrolls of enchant weapon {unknown}
 E - a scroll of immolation {unknown}
 G - 2 scrolls of teleportation {unknown}
 L - a scroll of random uselessness {unknown}
 O - a scroll of summoning {unknown}
Potions
 c - 3 potions of curing {unknown}
 e - 2 potions of flight {unknown}
 o - 3 potions of lignification {unknown}
 F - 2 potions of degeneration {unknown}
 H - 2 potions of haste {unknown}
Comestibles
 b - 17 rations


   Skills:
 - Level 2.9 Fighting
 + Level 5.5 Dodging
 + Level 3.3 Stealth
 + Level 10.1 Unarmed Combat
 - Level 0.1 Spellcasting
 * Level 3.8 Hexes


You had 7 spell levels left.
You knew the following spells:

 Your Spells              Type           Power        Failure   Level  Hunger
a - Confusing Touch       Hex            #.....       11%         1    ##.....

Your spell library contained the following spells:

 Spells                   Type           Power        Failure   Level  Hunger
 Confuse                  Hex            #.......     30%         3    ####...
 Gell's Gravitas          Tloc           #.........   83%         3    ####...
 Petrify                  Tmut/Erth      #.......     99%         4    #####..
 Metabolic Englaciation   Hex/Ice        #.........   99%         5    ######.
 Yara's Violent Unravell  Hex/Tmut       #.........   99%         5    ######.


Dungeon Overview and Level Annotations

Branches:
Dungeon (9/15)             Temple (1/1) D:7
   Lair: D:8-11         Orc: D:9-12

Altars:
Ashenzari
Cheibriados
Dithmenos
Elyvilon
Fedhas
Gozag
Hepliaklqana
Kikubaaqudgha
Makhleb
Nemelex Xobeh
Okawaru
Qazlal
Ru
Sif Muna
Trog
Uskayaw
Vehumet
Wu Jian
Xom
Yredelemnul
Zin
The Shining One

Shops:
D:4 =

Annotations:
D:5 3 runed translucent doors, exclusion: player ghost, TrebMcFLY's ghost, amateur DDFi
D:7 1 runed translucent door, akello96's ghost, novice GnNe


Innate Abilities, Weirdness & Mutations

You are too large for most types of armour.
You have claws for hands.
Your metabolism is lightning-fast.
You like to eat raw meat.
Your natural rate of healing is unusually fast.
You are covered in fur. (AC +1)
You have extremely tough skin. (AC +3)


Message History

The orc warrior hits you from afar with a +0 glaive.
You see here a short sword.
You lunge at the orc warrior.
You claw the orc warrior!
The orc warrior is moderately wounded.
The orc warrior hits you with a +0 glaive!
* * * LOW HITPOINT WARNING * * *
The orc warrior hits you from afar with a +0 glaive!
* * * LOW HITPOINT WARNING * * *
You see here a short sword.
The basilisk gazes at you.
You are slowing down.
Your limbs are stiffening.
The orc warrior barely misses you.
You have turned to stone.
The orc warrior hits you but does no damage.
The orc warrior hits you from afar with a +0 glaive!
* * * LOW HITPOINT WARNING * * *
The orc warrior hits you from afar with a +0 glaive!
* * * LOW HITPOINT WARNING * * *
The orc warrior hits you from afar with a +0 glaive!!
You die...

#.# ############ ##)#
#..........# #..#
#.......<..# ########.##
#..........#
#.........####
#..........#
#....o........#
#..........#
#..l......###.#
...........####.........#
#..........>@##.........#
#..........#..ol........#
#..........####o........#
###.######## ###.#######
#. #.# # #.. ####


You could see a basilisk, an orc warrior and an orc priest.

Vanquished Creatures
  Erica (D:8)
  A spriggan (D:8)
  2 hungry ghosts
  An ice beast (D:5)
  A sky beast (D:3)
  2 phantoms
  3 centaurs
  3 ogres
  3 bullfrogs
  A scorpion (D:7)
  3 wights (D:8)
  2 howler monkeys (D:6)
  2 crimson imps
  A centaur zombie (D:7)
  A quasit (D:6)
  2 orc priests (D:7)
  A jelly (D:7)
  An orc wizard (D:7)
  7 hounds
  Jessica (D:3)
  2 iguanas
  Ijyb (D:3)
  8 worker ants
  2 hound skeletons (D:4)
  Robin (D:4)
  8 gnolls
  11 adders
  An ooze (D:1)
  An adder zombie (D:3)
  An adder skeleton (D:4)
  4 worms
  2 dart slugs
  4 leopard geckos
  12 orcs
  6 giant cockroaches
  12 goblins
  16 hobgoblins
  4 jackals (D:2)
  6 kobolds
  2 quokkas
  11 bats
  7 frilled lizards
  A leopard gecko skeleton (D:7)
  A leopard gecko zombie (D:5)
  A quokka skeleton (D:6)
  2 quokka zombies (D:6)
  6 rats
172 creatures vanquished.

Notes
Turn   | Place    | Note
-------+----------+-------------------------------------------
     0 | D:1      | mahrnol the Troll Monk began the quest for the Orb.
     0 | D:1      | Reached XP level 1. HP: 22/22 MP: 0/0
    66 | D:1      | Reached XP level 2. HP: 28/29 MP: 1/1
   436 | D:1      | Reached XP level 3. HP: 34/36 MP: 2/2
   938 | D:2      | Reached XP level 4. HP: 44/44 MP: 3/3
  1117 | D:2      | Reached skill level 4 in Unarmed Combat
  1268 | D:2      | Found a snail-covered altar of Cheibriados.
  1271 | D:2      | Found a glowing silver altar of Zin.
  1274 | D:2      | Found a sacrificial altar of Ru.
  1572 | D:3      | Noticed Jessica
  1576 | D:3      | Killed Jessica
  1576 | D:3      | Reached XP level 5. HP: 52/52 MP: 4/4
  1645 | D:3      | Learned a level 1 spell: Confusing Touch
  1656 | D:3      | Found an ornate altar of the Wu Jian Council.
  1665 | D:3      | Became a worshipper of the Wu Jian Council
  1665 | D:3      | Reached * piety under Wu Jian
  1665 | D:3      | Reached ** piety under Wu Jian
  1692 | D:3      | Noticed a sky beast
  1705 | D:3      | Killed a sky beast
  1864 | D:3      | Noticed Ijyb
  1871 | D:3      | Killed Ijyb
  1871 | D:3      | Reached XP level 6. HP: 59/59 MP: 5/5
  2095 | D:4      | Reached skill level 5 in Unarmed Combat
  2206 | D:4      | Found Ralogoof's Jewellery Shoppe.
  2238 | D:4      | Noticed Robin
  2249 | D:4      | Reached skill level 1 in Hexes
  2290 | D:4      | Killed Robin
  2576 | D:4      | Reached XP level 7. HP: 61/66 MP: 6/6
  2816 | D:5      | Entered Level 5 of the Dungeon
  2817 | D:5      | Found a runed translucent gate.
  2818 | D:5      | Found a runed translucent gate.
  2835 | D:5      | Reached skill level 6 in Unarmed Combat
  2951 | D:5      | Found a runed translucent gate.
  2952 | D:5      | Noticed TrebMcFLY's ghost (amateur DDFi)
  3014 | D:5      | Found a shattered altar of Ashenzari.
  3026 | D:5      | Reached *** piety under Wu Jian
  3121 | D:5      | Reached XP level 8. HP: 74/74 MP: 7/7
  3122 | D:5      | Found a stormy altar of Qazlal.
  3386 | D:6      | Reached skill level 7 in Unarmed Combat
  4191 | D:7      | Reached skill level 8 in Unarmed Combat
  4328 | D:7      | Found a runed translucent door.
  4331 | D:7      | Noticed akello96's ghost (novice GnNe)
  4529 | D:7      | Reached skill level 5 in Dodging
  4551 | D:7      | Found a staircase to the Ecumenical Temple.
  4561 | Temple   | Entered the Ecumenical Temple
  4740 | D:7      | Reached XP level 9. HP: 75/80 MP: 8/8
  5100 | D:8      | Reached **** piety under Wu Jian
  5112 | D:8      | Paralysed by fainting for 7 turns
  5152 | D:8      | Reached skill level 9 in Unarmed Combat
  5156 | D:8      | Noticed Erica
  5409 | D:8      | Found an iron altar of Okawaru.
  5597 | D:8      | Killed Erica
  5597 | D:8      | Reached skill level 10 in Unarmed Combat
  5749 | D:9      | HP: 4/80 [orc warrior/+0 glaive (6)]
  5750 | D:9      | Mangled by an orc warrior

Skill      XL: |  1  2  3  4  5  6  7  8  9 |
---------------+----------------------------+-----
Dodging        | 3 4 5 |  5.5
Unarmed Combat | 4 5 6 8 10 | 10.1
Stealth        | 2 3 |  3.3
Hexes          | 1 2 3 |  3.8
Fighting       | |  2.9
Spellcasting   | |  0.1

Action                   |  1- 3 |  4- 6 |  7- 9 || total
-------------------------+-------+-------+-------++-------
Melee: Unarmed           |   110 |   201 |   355 ||   666
       Punch             |     1 |     2 |    11 ||    14
 Cast: Confusing Touch   |       |       |     1 ||     1
Invok: Whirlwind         |       |    19 |    79 ||    98
       Lunge             |       |    16 |    40 ||    56
 Abil: Wall Jump         |       |     1 |       ||     1
  Use: Scroll            |     1 |       |     1 ||     2
 Stab: Sleeping          |     5 |    11 |     7 ||    23
  Eat: Chunk             |    14 |    15 |    28 ||    57
       Ration            |       |       |     1 ||     1
Armor: Robe              |    52 |    49 |    87 ||   188
Dodge: Dodged            |    80 |    90 |   180 ||   350
